 Dungeon Crawl Stone Soup version 0.27.1-34-g3ba077fa99 (webtiles) character file.

Game seed: 16636948067377453947

14 Akaron the Shield-Bearer (level 2, -1/27 HPs)
             Began as a Minotaur Fighter on Jan 22, 2022.
             Slain by a black bear (3 damage)
             ... on level 2 of the Dungeon.
             The game lasted 00:01:19 (419 turns).

Akaron the Shield-Bearer (Minotaur Fighter)          Turns: 419, Time: 00:01:20

Health: -1/27      AC:  7    Str: 20    XL:     2   Next: 27%
Magic:  1/1        EV:  9    Int:  5    God:
Gold:   47         SH:  4    Dex:  9    Spells: 1/1 levels left

rFire    . . .     SeeInvis .   a - +0 war axe
rCold    . . .     Faith    .   f - +0 buckler
rNeg     . . .     Spirit   .   b - +0 scale mail
rPois    .         Reflect  .   (helmet restricted)
rElec    .         Harm     .   (no cloak)
rCorr    .         Rampage  .   (no gloves)
Will     .....                  (no boots)
Stlth    ..........             (no amulet)
HPRegen  0.09/turn              (no ring)
MPRegen  0.07/turn              (no ring)

@: no status effects
A: horns 2, retaliatory headbutt
a: no special abilities


You were on level 2 of the Dungeon.
You visited 1 branch of the dungeon, and saw 2 of its levels.

You collected 47 gold pieces.

Inventory:

Hand Weapons
 a - a +0 war axe (weapon)
Armour
 b - a +0 scale mail (worn)
 c - a +0 kite shield
 f - a +0 buckler (worn)
Scrolls
 g - a scroll of torment {unknown}
Potions
 d - a potion of might
 e - a potion of curing {unknown}


   Skills:
 + Level 3.8 Fighting
 + Level 2.7 Axes
 + Level 3.9 Armour
 + Level 3.9 Shields


You had one spell level left.
You didn't know any spells.
Your spell library contained the following spells:

 Spells                   Type           Power      Damage    Failure   Level
 Slow                     Hex            0%         N/A       92%         2
 Confusing Touch          Hex            0%         N/A       99%         3
 Yara's Violent Unravell  Hex/Tmut       0%         3d3       100%        5


Dungeon Overview and Level Annotations

Branches:
Dungeon (1/15)

Altars:
Xom


Innate Abilities, Weirdness & Mutations

You have a pair of horns on your head.
You reflexively headbutt those who attack you in melee.


Message History

You barely miss the rat. The rat bites you but does no damage.
You slash the rat!
You kill the rat!
You see here a rat corpse.
Found 8 gold pieces.
Found a stone staircase leading down.
You now have 47 gold pieces (gained 8).
Found an escape hatch in the ceiling.
There is a stone staircase leading down here.
Found a robe.
A black bear and a goblin come into view.
The goblin shouts!
The goblin barely misses you.
You closely miss the goblin. Your headbutt misses the goblin.
You barely miss the black bear. The black bear bites you.
You block the black bear's attack. The black bear closely misses you.
The goblin hits you but does no damage.
You hit the goblin.
You kill the goblin!
You hit the black bear. The black bear closely misses you.
The black bear claws you but does no damage. x2
You block the black bear's attack.
The black bear claws you but does no damage. x2
You see here a +0 club.
You slash the black bear! You headbutt the black bear!
The black bear is almost dead.
The black bear goes berserk!
The black bear bites you. The black bear claws you.
The black bear barely misses you.
You hit the black bear.
The black bear is almost dead.
The black bear bites you. The black bear claws you.
The black bear claws you but does no damage.
The black bear bites you. The black bear claws you.
* * * LOW HITPOINT WARNING * * *
The black bear claws you.
* * * LOW HITPOINT WARNING * * *
The black bear bites you.
* * * LOW HITPOINT WARNING * * *
The black bear barely misses you. The black bear claws you.
You die...

#.....#### ..........
#.....### >......<# #
#.....#.# ####.#
#.###.#.# ...#.# ..#
#.#.########....####
#.#
#.#.................
......##########@.#####
####### #)h# ### #..#
... #..# ### #..# #
#..# #.## #.# ..#


You could see a black bear (berserk).

Vanquished Creatures
  3 bats
  An endoplasm (D:1)
  2 goblins
  2 hobgoblins (D:1)
  2 frilled lizards
  2 kobolds (D:1)
  3 rats
15 creatures vanquished.

Notes
Turn   | Place    | Note
-------+----------+-------------------------------------------
     0 | D:1      | Akaron the Minotaur Fighter began the quest for the Orb.
     0 | D:1      | Reached XP level 1. HP: 19/19 MP: 0/0
    48 | D:1      | Found a faded altar of an unknown god.
   156 | D:1      | Reached XP level 2. HP: 24/27 MP: 1/1
   232 | D:1      | You fall into a shaft and drop 1 floor!
   232 | D:2      | Found a shimmering altar of Xom.
   412 | D:2      | Noticed a black bear
   419 | D:2      | Slain by a black bear

Illustrated notes

Levels and vault maps discovered:
D:1:      dpeg_arrival_tiny_h, layout_loops_ring, ebering_ecumenical_altar_mist,
          minmay_indecisive_spiral
D:2:      layout_loops_ring, basic_altar, patterned_corridor

Action                   || total
-------------------------++-------
Melee: War axe           ||    35
       Headbutt          ||     5
Armor: Scale mail        ||    32
Dodge: Dodged            ||    20
Block: Buckler           ||     8
